 Dungeon Crawl Stone Soup version 0.30-a0-161-gdd60e06945 (webtiles) character file.

Game seed: 6049146887636551586

294 qw the Chopper (level 6, -1/37 HPs)
             Began as a Gargoyle Fighter on Sept 27, 2022.
             Killed by divine providence
             ... invoked by an orc priest
              (9 damage)
             ... on level 3 of the Dungeon.
             The game lasted 00:00:48 (2498 turns).

qw the Chopper (Gargoyle Fighter)                   Turns: 2498, Time: 00:00:48

Health: -1/37      AC: 13    Str: 22    XL:     6   Next: 34%
Magic:  6/6        EV:  9    Int:  8    God:
Gold:   134        SH:  4    Dex:  9    Spells: 5/5 levels left

rFire   . . .      SeeInvis .    Y - +0 war axe
rCold   . . .      Faith    .    c - +0 buckler
rNeg    + . .      Spirit   .    b - +0 scale mail
rPois   inf        Reflect  .    m - +0 helmet
rElec   +          Harm     .    (no cloak)
rCorr   .          Rampage  .    l - +0 pair of gloves
Will    .....                    (no boots)
Stlth   ..........               f - amulet of the acrobat
HPRegen 0.12/turn                (no ring)
MPRegen 0.10/turn                (no ring)

@: no status effects
A: sickness immunity, AC +4, negative energy resistance 1, electricity
resistance, torment resistance 1, petrification resistance
a: no special abilities


You were on level 3 of the Dungeon.
You visited 1 branch of the dungeon, and saw 3 of its levels.

You collected 134 gold pieces.


Innate Abilities, Weirdness & Mutations

You are immune to sickness and miasma.
Your stone body is resilient. (AC +4)
You are immune to poison.
You resist negative energy. (rN+)
You are resistant to electric shocks. (rElec)
You are resistant to unholy torment.
You are immune to petrification.


   Skills:
 + Level 3.3 Fighting
 - Level 5.9 Axes
 - Level 3.2 Armour
 - Level 3.2 Shields


You had 5 spell levels left.
You didn't know any spells.
Your spell library was empty.

Inventory:

Hand Weapons
 g - a +0 whip
 Y - a +0 war axe (weapon)
Armour
 b - a +0 scale mail (worn)
 c - a +0 buckler (worn)
 j - the +7 swamp dragon scales of Twilight {rPois Int+2}
   (You found it on level 3 of the Dungeon)

   Int:       It affects your intelligence (+2).
   rPois:     It protects you from poison.
 l - a +0 pair of gloves (worn)
 m - a +0 helmet (worn)
Jewellery
 f - an amulet of the acrobat (around neck)
Scrolls
 a - a scroll of identify
 i - a scroll of silence {unknown}
Potions
 d - a potion of might
 e - 3 potions of attraction
 h - a potion of cancellation
 k - a potion of haste {unknown}
 n - a potion of flight {unknown}

Dungeon Overview and Level Annotations

Branches:
Dungeon (3/15)

Altars:

Annotations:
D:2 1 runed translucent door, Crazy Yiuf


Message History

Beogh smites you!
You slash the orc!
You kill the orc!
A giant cockroach comes into view.
You block the orc's attack.
An orc comes into view. It is wielding a +0 flail.
Things that are here:
a +0 short sword; an orc corpse You hit the orc.
The orc is moderately wounded.
The orc priest calls upon Beogh to heal the orc.
The orc's wounds heal themselves!
The orc hits you but does no damage.
You slash the orc!
You kill the orc!
The orc priest mumbles some strange prayers to Beogh against you.
Beogh smites you!
Found a robe.
The orc priest invokes the aid of Beogh against you.
Pain shoots through your body!
You closely miss the orc priest. You hit the giant cockroach.
The giant cockroach bites you but does no damage.
The orc priest closely misses you.
You barely miss the giant cockroach.
The giant cockroach is heavily wounded.
You hit the orc priest. The giant cockroach closely misses you.
You block the orc priest's attack.
The giant cockroach bites you but does no damage.
You barely miss the giant cockroach.
The giant cockroach is heavily wounded.
You hit the orc priest. The giant cockroach bites you.
The orc priest hits you but does no damage.
The orc hits you but does no damage.
You closely miss the orc priest.
The orc priest is heavily wounded.
You hit the giant cockroach. You barely miss the orc.
The giant cockroach bites you.
The orc priest mumbles some strange prayers to Beogh against you.
Beogh smites you!
You die...

#...........# ###
########...........#
#..
.......#...........#
#.#
.......#...........#
#.#
...................#
#..
...................#
#..
....!..............#
#..
#......)....).....#
#<.
#....B@).....######
##.
......oo....>.'..#
#.
##............##.#
###.
##.....##..####.#
#... ..(....##.##
#.####.##
...........#
#......#
............
####.#.# .[.........
#.#.# #.#.#


You could see an orc priest, an orc and a giant cockroach.

Vanquished Creatures
  Grinder (D:3)
  A gnoll (D:1)
  3 adders (D:2)
  2 worms (D:2)
  A dart slug (D:1)
  2 orcs (D:3)
  5 ball pythons
  5 bats
  2 endoplasms (D:2)
  8 hobgoblins
  2 jackals (D:2)
  3 kobolds
  4 frilled lizards
  4 goblins
  5 rats
48 creatures vanquished.

Notes
Turn   | Place    | Note
-------+----------+-------------------------------------------
     0 | D:1      | qw the Gargoyle Fighter began the quest for the Orb.
     0 | D:1      | Reached XP level 1. HP: 14/14 MP: 1/1
     0 | D:1      | 0 ||| qw: Version: 0.2-a-10-g37ed214
     0 | D:1      | 0 ||| qw: Game counter: 692
     0 | D:1      | 0 ||| qw: Always use a shield: true
     0 | D:1      | 0 ||| qw: God list: Okawaru
     0 | D:1      | 0 ||| qw: Allow faded altars: false
     0 | D:1      | 0 ||| qw: Do Orc after D:15 true
     0 | D:1      | 0 ||| qw: Do second Lair branch before Depths: true
     0 | D:1      | 0 ||| qw: Lair rune preference: random
     0 | D:1      | 0 ||| qw: Plans: Normal, Zot:1-4, God:TSO, Crypt, Tomb,
                  | Pan, Slime:5, Hells, Abyss, Orb
     0 | D:1      | 0 ||| PLANNING D:1-11
    71 | D:1      | Reached skill level 2 in Axes
    73 | D:1      | 73 ||| Stepping ~*~*~tactically~*~*~ (stealth).
    75 | D:1      | 75 ||| Stepping ~*~*~tactically~*~*~ (stealth).
    80 | D:1      | 80 ||| Stepping ~*~*~tactically~*~*~ (stealth).
    81 | D:1      | 81 ||| Stepping ~*~*~tactically~*~*~ (stealth).
    91 | D:1      | Reached XP level 2. HP: 13/19 MP: 2/2
   281 | D:1      | 281 ||| Stepping ~*~*~tactically~*~*~ (stealth).
   283 | D:1      | 283 ||| Stepping ~*~*~tactically~*~*~ (stealth).
   287 | D:1      | 287 ||| Stepping ~*~*~tactically~*~*~ (stealth).
   314 | D:1      | Reached skill level 3 in Axes
   314 | D:1      | Reached XP level 3. HP: 13/23 MP: 3/3
  1010 | D:1      | 1010 ||| UPGRADING to +0 pair of gloves.
  1015 | D:1      | 1015 ||| UPGRADING to +0 helmet.
  1020 | D:1      | 1020 ||| UPGRADING to amulet of the acrobat.
  1025 | D:1      | 1025 ||| READING 3 scrolls labelled ULAVVA YKAKE.
  1026 | D:1      | 1026 ||| READING scroll labelled WAGOUPTOCWE.
  1029 | D:1      | 1029 ||| READING scroll labelled XUTUZ HETEABA.
  1030 | D:1      | 1030 ||| READING 2 scrolls of identify.
  1030 | D:1      | 1030 ||| IDENTIFYING smoky purple potion
  1378 | D:2      | Found a faded altar of an unknown god.
  1427 | D:2      | Reached XP level 4. HP: 27/28 MP: 4/4
  1632 | D:2      | 1632 ||| Stepping ~*~*~tactically~*~*~ (stealth).
  1633 | D:2      | 1633 ||| Stepping ~*~*~tactically~*~*~ (stealth).
  1775 | D:2      | Reached skill level 4 in Axes
  1898 | D:2      | Found a runed translucent door.
  1899 | D:2      | Noticed Crazy Yiuf
  2264 | D:2      | 2264 ||| READING scroll labelled EHAYGIGOSE.
  2265 | D:2      | 2265 ||| DRINKING 2 sapphire potions.
  2266 | D:2      | 2266 ||| READING 2 scrolls of identify.
  2266 | D:2      | 2266 ||| IDENTIFYING cyan potion
  2267 | D:2      | 2267 ||| DROPPING potion of brilliance.
  2364 | D:3      | Noticed Grinder
  2365 | D:3      | 2365 ||| Stepping ~*~*~tactically~*~*~ (stealth).
  2367 | D:3      | 2367 ||| Stepping ~*~*~tactically~*~*~ (hiding).
  2374 | D:3      | Paralysed by Grinder for 3 turns
  2379 | D:3      | Killed Grinder
  2380 | D:3      | Reached skill level 5 in Axes
  2380 | D:3      | Reached XP level 5. HP: 23/32 MP: 5/5
  2380 | D:3      | Reached XP level 6. HP: 26/37 MP: 6/6
  2465 | D:3      | Identified the +7 swamp dragon scales of Twilight {rPois
                  | Int+2}
  2497 | D:3      | HP: 9/37 [giant cockroach (2)]
  2498 | D:3      | Killed from afar by an orc priest

Levels and vault maps discovered:
D:1:      lemuel_arrival_muddy, layout_basic, moated_statue,
          grunt_decor_resistance, minmay_pentomino_w4
D:2:      layout_loops_corners, ebering_ecumenical_altar_sacrificial,
          uniq_crazy_yiuf_cottage
D:3:      layout_basic, uniq_natasha, uniq_grinder

Skill      XL: |  1  2  3  4 |
---------------+-------------+-----
Axes           | 2 3 5 |  5.9
Fighting       | |  3.3
Armour         | |  3.2
Shields        | |  3.2

Action                   |  1- 3 |  4- 6 || total
-------------------------+-------+-------++-------
Melee: War axe           |   100 |    49 ||   149
  Use: Scroll            |     4 |     2 ||     6
       Potion            |       |     1 ||     1
 Stab: Distracted        |     1 |       ||     1
Armor: Scale mail        |    42 |    26 ||    68
Dodge: Dodged            |    42 |    14 ||    56
Block: Buckler           |    16 |     9 ||    25

Table legend:
 A = Non-vault XP
 B = Vault XP
 C = Vault XP percentage of total XP
 D = Non-vault monster count
 E = Vault monster count
 F = Vault count percentage of total count
                 A         B        C        D         E       F
            +---------+---------+-------+---------+---------+-------
      Total |     111 |     310 |  73.6 |      41 |       7 |  14.6
            +---------+---------+-------+---------+---------+-------
        D:1 |      27 |      24 |  47.1 |      17 |       6 |  26.1
        D:2 |      76 |       0 |   0.0 |      21 |       0 |   0.0
        D:3 |       8 |     286 |  97.3 |       3 |       1 |  25.0
            +---------+---------+-------+---------+---------+-------
